 Dungeon Crawl Stone Soup version 0.27.1-15-g792fb953b9 (webtiles) character file.

Game seed: 3075750677614179863

8685 Elvor the Thaumaturge (level 11, -6/97 HPs)
             Began as a Purple Draconian Conjurer on Nov 19, 2021.
             Was a Believer of the Shining One.
             Killed from afar by a fire dragon (38 damage)
             ... with a blast of flame
             ... on level 14 of the Dungeon.
             The game lasted 01:22:21 (9834 turns).

Elvor the Thaumaturge (Purple Draconian Conjurer)   Turns: 9834, Time: 01:22:21

Health: -6/97      AC:  9    Str: 10    XL:     11   Next: 13%
Magic:  32/33      EV: 12    Int: 22    God:    the Shining One [**....]
Gold:   150        SH:  4    Dex:  9    Spells: 18/29 levels left

rFire    . . .     SeeInvis .   n - staff of conjuration
rCold    . . .     Faith    .   l - +0 buckler
rNeg     + . .     Spirit   .   (armour unavailable)
rPois    .         Reflect  .   (helmet restricted)
rElec    .         Harm     .   (no cloak)
rCorr    .         Rampage  .   z - +0 pair of gloves
Will     +....                  p - +0 pair of boots
Stlth    +.........             g - amulet of magic regeneration
HPRegen  0.26/turn              e - ring of magical power
MPRegen  0.48/turn              (no ring)

@: glowing
A: breathe power, AC +7, unfitting armour, cold-blooded
a: Breathe Dispelling Energy, Renounce Religion, Divine Shield


You were on level 14 of the Dungeon.
You worshipped the Shining One.
The Shining One was pleased with you.
You visited 2 branches of the dungeon, and saw 14 of its levels.

You collected 539 gold pieces.
You spent 389 gold pieces at shops.

Inventory:

Hand Weapons
 s - a +1 dagger of venom
 u - a +1 mace of holy wrath
 D - a +0 whip of venom
 O - a +1 whip of electrocution
Missiles
 f - 204 stones
 v - 4 boomerangs
 y - 42 sling bullets
 G - 21 poisoned darts
Armour
 l - a +0 buckler (worn)
 p - a +0 pair of boots (worn)
 z - a +0 pair of gloves (worn)
Magical Staves
 n - a staff of conjuration (weapon)
Jewellery
 e - a ring of magical power (left hand)
 g - an amulet of magic regeneration (around neck)
 o - a ring of poison resistance
 t - a ring of protection from cold
 H - an amulet of the acrobat
 K - a +6 ring of dexterity
Wands
 A - a wand of iceblast (9)
 F - a wand of paralysis (3)
Scrolls
 c - 3 scrolls of fog
 h - 3 scrolls of immolation {unknown}
 k - a scroll of noise {unknown}
 m - 2 scrolls of enchant armour
 q - 3 scrolls of teleportation
 r - 2 scrolls of magic mapping
 w - a scroll of fear
 x - a scroll of silence {unknown}
 C - 3 scrolls of enchant weapon
 I - a scroll of blinking
 N - a scroll of acquirement {unknown}
 P - a scroll of amnesia {unknown}
Potions
 a - 5 potions of curing
 b - 3 potions of brilliance {unknown}
 d - 3 potions of heal wounds
 i - a potion of flight {unknown}
 j - 4 potions of degeneration {unknown}
 B - a potion of berserk rage {unknown}
 E - 3 potions of lignification
 J - 3 potions of attraction
 L - a potion of cancellation {unknown}
 M - 2 potions of haste {unknown}


   Skills:
 * Level 9.2 Fighting
 + Level 0.7 Staves
 + Level 2.2 Throwing
 + Level 3.5 Dodging
 + Level 4.8 Stealth
 + Level 4.5 Shields
 + Level 9.9 Spellcasting
 + Level 8.9 Conjurations
 + Level 2.1 Translocations
 + Level 0.5 Transmutations
 + Level 4.6 Evocations


You had 18 spell levels left.
You knew the following spells:

 Your Spells              Type           Power      Damage    Failure   Level
a - Magic Dart            Conj           100%       1d8       1%          1
b - Searing Ray           Conj           100%       3d7       1%          2
c - Iskenderun's Mystic   Conj/Tloc      52%        2d11      6%          4
d - Petrify               Tmut/Erth      12%        N/A       47%         4

Your spell library contained the following spells:

 Spells                   Type           Power      Damage    Failure   Level
 Dazzling Flash           Conj/Hex       92%        N/A       3%          3
 Sublimation of Blood     Necr           5%         N/A       10%         2
 Fulminant Prism          Conj/Hex       23%        3d13      10%         4
 Irradiate                Conj/Tmut      23%        3d21      24%         5
 Cause Fear               Hex            5%         N/A       52%         4
 Dragon Form              Tmut           6%         N/A       100%        7
 Dragon's Call            Summ           5%         N/A       100%        9


Dungeon Overview and Level Annotations

Branches:
Dungeon (14/15)            Temple (1/1) D:7
   Lair: D:8-11         Orc: D:9-12      Vaults: D:13-14

Altars:
Ashenzari
Cheibriados
Dithmenos
Elyvilon
Fedhas
Gozag
Hepliaklqana
Kikubaaqudgha
Makhleb
Nemelex Xobeh
Okawaru
Qazlal
Ru
Sif Muna
Trog
Uskayaw
Vehumet
Wu Jian
Xom
Yredelemnul
Zin
The Shining One

Shops:
D:3 ?   D:5 [   D:9 *   D:10 [

Annotations:
D:13 Jorgrun


Innate Abilities, Weirdness & Mutations

You can breathe bolts of dispelling energy.
Your rich purple scales are hard. (AC +7)
You cannot fit into any form of body armour.
You are cold-blooded and may be slowed by cold attacks.


Message History

You hear a grinding noise.
You hear a grinding noise.
A gargoyle comes into view. It is wielding a +0 mace.
The gargoyle moves out of view.
You hear a grinding noise.
Found a scroll labelled BEGOIH VYUKLISM.
The gargoyle hurls a stone arrow at you.
The stone arrow misses you.
Found 21 gold pieces.
Unknown command.
The gargoyle hits you with a +0 mace!
Casting: Iskenderun's Mystic Blast (dangerous; 6% risk of failure)
Press: ? - help, Q - select action, (/) - cycle Dir - look around, f - activate You feel a surge of power!
You erupt in a blast of force!
The mystic blast hits the gargoyle!
The gargoyle is moderately damaged.
The gargoyle is knocked back by the mystic blast.
Found a stone staircase leading down.
The gargoyle hurls a stone arrow at you.
The stone arrow hits you!! Jorgrun casts a spell past you.
The wall shatters!
The blast of rock fragments hits you!!!
Blink to where?
Press: ? - help, Dir - move target, f - you
Okay, then.
Unknown command.
Unknown command.
Blink to where?
Press: ? - help, Dir - move target
As you read the scroll of blinking, it crumbles to dust.
You hear a grinding noise.
You climb downwards.
You can now call upon the Shining One for a divine shield.
The wizard shouts!
The tengu warrior shouts!
Found 48 gold pieces, a scale mail, a long sword and a scroll of identify.
Found a stone staircase leading down.
There is a stone staircase leading up here.
The fire dragon breathes flames at you. The blast of flame hits you!!!
You die...

.?#...........
.#...........
#...........
###.$...p.....
#.........$...
#...D.........
#.............
#.....@.......
#>........Q...
#............#
##..........##
##).[......#
###......##
####.### ##


You could see a fire dragon (catching breath), a tengu warrior and a wizard.

Vanquished Creatures
  Snorg (D:10)
  The ghost of stburah the Cleaver, a journeyman FoFi of the Shining One (D:10)
  A two-headed ogre (D:9)
  An ugly thing (D:9)
  A manticore (D:9)
  A gargoyle (D:10)
  A hornet (D:9)
  Grinder (D:3)
  A wraith (D:9)
  A shadow (D:13)
  A vampire (D:9)
  11 yaks
  3 acid dragons (D:11)
  3 orc warriors
  An ice beast (D:6)
  A sky beast (D:5)
  A necrophage (D:6)
  2 ogres
  A phantom (D:5)
  2 kobold brigands
  2 bullfrogs
  2 scorpions
  A wyvern skeleton (D:7)
  8 howler monkeys
  2 centaur zombies
  A jelly (D:8)
  A centaur skeleton (D:5)
  8 orc priests
  5 hounds
  Jessica (D:3)
  3 orc wizards
  2 hound zombies (D:5)
  A hound skeleton (D:4)
  A howler monkey zombie (D:7)
  3 gnolls (D:5)
  6 adders
  A white imp (D:6)
  2 ufetubi (D:5)
  A worm (D:2)
  2 dart slugs (D:1)
  28 orcs
  4 ball pythons
  8 endoplasms
  7 giant cockroaches
  9 goblins
  9 hobgoblins
  4 jackals (D:1)
  7 kobolds
  A quokka (D:4)
  4 bats (D:1)
  2 frilled lizards (D:3)
  2 rats
174 creatures vanquished.

Notes
Turn   | Place    | Note
-------+----------+-------------------------------------------
     0 | D:1      | Elvor the Draconian Conjurer began the quest for the Orb.
     0 | D:1      | Reached XP level 1. HP: 14/14 MP: 3/3
   331 | D:1      | Reached XP level 2. HP: 20/20 MP: 0/5
   334 | D:1      | Learned a level 2 spell: Searing Ray
   443 | D:1      | Reached skill level 1 in Fighting
   660 | D:1      | Reached XP level 3. HP: 24/28 MP: 6/6
  1371 | D:2      | Reached skill level 1 in Shields
  1419 | D:3      | Noticed Jessica
  1422 | D:3      | Killed Jessica
  1423 | D:3      | Reached XP level 4. HP: 36/36 MP: 7/7
  1481 | D:3      | Noticed Grinder
  1778 | D:3      | Found a faded altar of an unknown god.
  1987 | D:3      | Found Piunerol's Magic Scroll Boutique.
  1995 | D:3      | Killed Grinder
  1996 | D:3      | Reached skill level 5 in Conjurations
  1996 | D:3      | Reached XP level 5. HP: 45/45 MP: 9/9
  1996 | D:3      | Reached XP level 6. HP: 51/51 MP: 10/10
  2000 | D:3      | Bought a scroll of teleportation for 42 gold pieces
  2000 | D:3      | Bought a scroll of magic mapping for 49 gold pieces
  2301 | D:4      | Your scales start taking on a rich purple colour.
  2301 | D:4      | Reached XP level 7. HP: 59/59 MP: 13/13
  2309 | D:4      | Learned a level 4 spell: Iskenderun's Mystic Blast
  2314 | D:4      | Learned a level 4 spell: Petrify
  2889 | D:5      | Entered Level 5 of the Dungeon
  3061 | D:5      | Identified the +0 robe of Gluttony {rF- MP+9 SInv}
  3124 | D:5      | Found a broken altar of Ashenzari.
  3257 | D:5      | Reached skill level 5 in Spellcasting
  3308 | D:5      | Found Luino's Antique Armour Shoppe.
  3461 | D:5      | Reached XP level 8. HP: 67/67 MP: 16/16
  3893 | D:6      | Reached skill level 5 in Fighting
  4640 | D:7      | Found a staircase to the Ecumenical Temple.
  4654 | Temple   | Entered the Ecumenical Temple
  4699 | Temple   | Became a worshipper of the Shining One
  5812 | D:3      | Bought a scroll of blinking for 105 gold pieces
  5812 | D:3      | Bought 2 scrolls of fog for 56 gold pieces
  6519 | D:8      | Reached XP level 9. HP: 75/75 MP: 19/19
  6606 | D:9      | Found Lodwac's Assorted Antiques.
  6621 | D:9      | Bought 2 puce potions for 55 gold pieces
  6621 | D:9      | Bought 2 brown potions for 55 gold pieces
  6685 | D:9      | Reached skill level 1 in Evocations
  6721 | D:9      | Noticed a two-headed ogre
  6741 | D:9      | Killed a two-headed ogre
  6775 | D:9      | Noticed a manticore
  7303 | D:9      | Reached * piety under the Shining One
  7456 | D:9      | Noticed a brown ugly thing
  7461 | D:9      | Reached XP level 10. HP: 48/86 MP: 22/22
  7856 | D:9      | Killed a brown ugly thing
  8012 | D:9      | Killed a manticore
  8013 | D:9      | Reached skill level 1 in Translocations
  8240 | D:9      | Bought a green potion for 27 gold pieces
  8255 | D:10     | Entered Level 10 of the Dungeon
  8255 | D:10     | Found a runed translucent door.
  8256 | D:10     | Noticed stburah's ghost (journeyman FoFi)
  8303 | D:10     | Reached skill level 1 in Throwing
  8320 | D:10     | Found Ydul's Armour Boutique.
  8364 | D:10     | Noticed Snorg
  8390 | D:10     | Killed Snorg
  8818 | D:10     | Noticed a gargoyle
  8834 | D:10     | Killed a gargoyle
  9546 | D:10     | Killed stburah's ghost
  9547 | D:10     | Reached XP level 11. HP: 64/97 MP: 6/24
  9768 | D:11     | You fall into a shaft and drop 2 floors!
  9815 | D:13     | Noticed Jorgrun
  9833 | D:14     | Noticed a wizard
  9833 | D:14     | Noticed a tengu warrior
  9833 | D:14     | Reached ** piety under the Shining One
  9833 | D:14     | Noticed a fire dragon
  9834 | D:14     | Killed from afar by a fire dragon

Illustrated notes

Levels and vault maps discovered:
D:1:      shiori_arrival_elements, layout_basic, feat_on_display
D:2:      layout_basic, minmay_goblin_outpost
D:3:      layout_basic, chequers_ecumenical_altar_simple_redux, serial_shops,
          shop_statue, minivault_19, feat_on_display, uniq_jessica, uniq_grinder
D:4:      kennysheep_big_flooded_room, layout_basic
D:5:      layout_loops_corners, evilmike_ruin_ashenzari, serial_shops, shop,
          nrook_uturn, columned_hall_lemuel
D:6:      layout_basic
D:7:      layout_loops_corners, minmay_temple_entry_arrows
D:8:      layout_cave_pods
D:9:      minmay_distorted_concentric_squares, layout_loops_ring, serial_shops,
          shop
D:10:     layout_stronghold, serial_shops, shop_statue, gammafunk_ghost_grave,
          uniq_snorg
D:11:     layout_loops_ring, minmay_lair_entry_grove, hiddenorc1_lemuel
D:13:     layout_roguey, nicolae_tso_swordbearing_angel, uniq_jorgrun
D:14:     layout_cave_pods, david_vaults_2,
          ploomutoo_gammafunk_ghost_potion_laboratory,
          ebering_dispersal_statue_hall, nicolae_take_the_stairs, uniq_azrael
Temple:   compressed_dpeg_triangle_lava_temple

Skill      XL: |  1  2  3  4  5  6  7  8  9 10 |
---------------+-------------------------------+-----
Fighting       | 1 2 3 4 6 7 9 |  9.2
Stealth        | 2 3 4 |  4.8
Shields        | 1 2 3 4 |  4.5
Dodging        | 2 3 |  3.5
Conjurations   | 5 6 7 8 |  8.9
Spellcasting   | 4 5 7 8 9 |  9.9
Evocations     | 3 4 |  4.6
Translocations | 2 |  2.1
Throwing       | 2 |  2.2
Staves         | |  0.7
Transmutations | |  0.5

Action                   |  1- 3 |  4- 6 |  7- 9 | 10-12 || total
-------------------------+-------+-------+-------+-------++-------
Melee: Mace              |     9 |       |       |       ||     9
       Staff             |     7 |       |     2 |       ||     9
       Tailslap          |     1 |       |     1 |       ||     2
Throw: Dart              |       |       |       |    22 ||    22
 Cast: Magic Dart        |    64 |    40 |    33 |     9 ||   146
       Searing Ray       |     4 |     7 |    60 |    30 ||   101
       Iskenderun's Myst |       |       |     4 |    22 ||    26
       Petrify           |       |       |       |     1 ||     1
Evoke: Wand              |       |       |    19 |    20 ||    39
  Use: Scroll            |       |       |     8 |     1 ||     9
Armor: Skin              |    19 |       |    13 |    26 ||    58
Dodge: Dodged            |    18 |     2 |    24 |    18 ||    62
Block: Buckler           |       |       |     7 |    11 ||    18
